 Dungeon Crawl Stone Soup version 0.29.1-2-gbd0b4ee654 (webtiles) character file.

Game seed: 9333517976125201905

3 bullfish the Slasher (level 1, -2/17 HPs)
             Began as a Draconian Gladiator on Nov 16, 2022.
             Slain by a hobgoblin (4 damage)
             ... on level 1 of the Dungeon.
             The game lasted 00:00:25 (54 turns).

bullfish the Slasher (Draconian Gladiator)            Turns: 54, Time: 00:00:26

Health: -2/17      AC:  4    Str: 16    XL:     1   Next: 41%
Magic:  1/1        EV: 12    Int:  8    God:
Gold:   7          SH:  0    Dex: 12    Spells: 0/0 levels left

rFire   . . .      SeeInvis .   a - +0 long sword
rCold   . . .      Faith    .   (no shield)
rNeg    . . .      Spirit   .   (body armour unavailable)
rPois   .          Reflect  .   b - +0 hat
rElec   .          Harm     .   (no cloak)
rCorr   .          Rampage  .   (no gloves)
Will    .....                   (no boots)
Stlth   +.........              (no amulet)
HPRegen 0.05/turn               (no ring)
MPRegen 0.07/turn               (no ring)

@: no status effects
A: AC +4, unfitting armour, cold-blooded
a: no special abilities


You were on level 1 of the Dungeon.
You visited 1 branch of the dungeon, and saw 1 of its levels.

You collected 7 gold pieces.

Inventory:

Hand Weapons
 a - a +0 long sword (weapon)
Missiles
 c - 3 throwing nets (quivered)
 d - a javelin
Armour
 b - a +0 hat (worn)
Jewellery
 e - a +4 ring of evasion


   Skills:
 - Level 2.1 Fighting
 + Level 3.2 Long Blades
 - Level 1.7 Throwing
 - Level 2.6 Dodging


You couldn't memorise any spells.
You didn't know any spells.
Your spell library was empty.

Dungeon Overview and Level Annotations

Branches:
Dungeon (1/15)

Altars:


Innate Abilities, Weirdness & Mutations

Your plain brown scales are hard. (AC +4)
You cannot fit into any form of body armour.
You are cold-blooded and may be slowed by cold attacks.


Message History

You slash the hobgoblin!
You kill the hobgoblin!
The bat hits you. The hobgoblin barely misses you.
You barely miss the hobgoblin.
Your tail-slap misses the hobgoblin.
A nearby plant withers and dies.
The bat closely misses you. The hobgoblin barely misses you.
You barely miss the hobgoblin. The bat hits you but does no damage.
The hobgoblin barely misses you. x2; The hobgoblin hits you.
The hobgoblin barely misses you. The quokka bites you.
You barely miss the quokka. The bat misses you. The quokka bites you.
The hobgoblin misses you. The hobgoblin hits you.
You are too injured to fight recklessly!
The bat barely misses you.
The quokka bites you but does no damage.
The hobgoblin hits you but does no damage.
The bat attacks as you move away! The bat hits you but does no damage.
The hobgoblin attacks as you move away! The hobgoblin hits you.
The bat barely misses you.
The quokka bites you but does no damage.
The hobgoblin misses you. The quokka barely misses you.
The hobgoblin attacks as you move away! The hobgoblin barely misses you.
The bat hits you but does no damage. The bat barely misses you.
The bat closely misses you. The bat completely misses you. The bat misses you.
You are too injured to fight recklessly!
You are too injured to fight recklessly!
You are too injured to fight recklessly!
You are too injured to fight recklessly!
You are too injured to fight recklessly!
You are too injured to fight recklessly!
You slash the bat!
You kill the bat!
The quokka bites you.
* * * LOW HITPOINT WARNING * * *
You closely miss the quokka. The quokka bites you.
* * * LOW HITPOINT WARNING * * *
You slash the quokka!
You kill the quokka!
The hobgoblin hits you.
You die...

.#.. .?P♣♣# # #....#.# #
###.[....# #.##...†.####
###♣### #...g.......# .....
####.###..#..# ...♣
#.####......# ♣..###
#...@gg.#♣♣♣♣ ♣ .##.##<#
#######.#♣♣.P.♣
..'.'..######....)....[....
.##.##.#......#######♣P♣PP♣
#♣.♣###......#### ♣
#♣...P##...........
#.....##...########
###........# ######...#


You could see 2 hobgoblins.

Vanquished Creatures
  A goblin (D:1)
  A hobgoblin (D:1)
  A quokka (D:1)
  A bat (D:1)
4 creatures vanquished.

Vanquished Creatures (others)
  A plant (D:1)
1 creature vanquished.

Grand Total: 5 creatures vanquished

Notes
Turn   | Place    | Note
-------+----------+-------------------------------------------
     0 | D:1      | bullfish the Draconian Gladiator began the quest for the
                  | Orb.
     0 | D:1      | Reached XP level 1. HP: 17/17 MP: 1/1
    54 | D:1      | Slain by a hobgoblin

Illustrated notes

Levels and vault maps discovered:
D:1:      sevenhm_arrival_forest_fort_small_4, layout_basic, serial_forest,
          infiniplex_forest_lined_corner, infiniplex_forest_lined_3,
          infiniplex_forest_straight_4, infiniplex_forest_lined_room_2,
          infiniplex_forest_clump_tiny, infiniplex_forest_corner_2,
          infiniplex_forest_lined_3_way, infiniplex_forest_lined_room_,
          infiniplex_forest_straight_5, infiniplex_forest_zigzag_1,
          serial_shops, nicolae_lakefront_shop, hangedman_glass_teeth

Action                   || total
-------------------------++-------
Melee: Long sword        ||    13
       Tailslap          ||     2
Armor: Skin              ||     8
Dodge: Dodged            ||    23
